 Dungeon Crawl Stone Soup version 0.19.4-9-g45fd643 (webtiles) character file.

12979 vatarom the Destroyer (level 11, -1/75 HPs)
             Began as a Mummy Conjurer on Feb 20, 2017.
             Was an Initiate of Gozag.
             Slain by an unseen horror (8 damage)
             ... on level 12 of the Dungeon.
             The game lasted 01:01:19 (25073 turns).

vatarom the Destroyer (Mummy Conjurer)             Turns: 25073, Time: 01:01:19

Health: -1/75      AC: 11    Str: 12    XL:     11   Next: 69%
Magic:  13/25      EV: 12    Int: 17    God:    Gozag
Gold:   193        SH:  0    Dex: 13    Spells: 6 memorised, 11 levels left

rFire  + . .     SeeInvis .     i - +0 lajatang
rCold  + + .     Gourm    .     j - +1 robe {rC+ rF+}
rNeg   + + +     Faith    .     (shield currently unavailable)
rPois  ∞         Spirit   .     k - +1 helmet
rElec  .         Reflect  .     l - +2 cloak
rCorr  .         Harm     .     d - +1 pair of gloves
MR     ++...                    u - +0 pair of boots {Stlth+}
Stlth  +++.......               w - amulet of magic regeneration
                                g - ring of protection from fire
                                o - ring "Emyssoqe" {MR+ Slay+3}

@: no status effects
A: no food or potions, fire vulnerability, cold resistance 1, negative energy
resistance 3, torment resistance, unbreathing
a: Potion Petition, Call Merchant, Bribe Branch, Renounce Religion


You were on level 12 of the Dungeon.
You worshipped Gozag.
Gozag was aware of your devotion.
You were not hungry.

You visited 2 branches of the dungeon, and saw 13 of its levels.

You collected 2775 gold pieces.
You paid 2582 gold pieces to Gozag.

Inventory:

Hand Weapons
 i - a +0 lajatang (weapon)
Missiles
 n - 2 javelins of penetration (quivered)
Armour
 d - a +1 pair of gloves (worn)
 j - a +1 robe of resistance (worn)
 k - a +1 helmet (worn)
 l - a +2 cloak (worn)
 u - a +0 pair of boots of stealth (worn)
Rods
 m - a +0 rod of inaccuracy (12/12)
   (You found it on level 11 of the Dungeon)
Jewellery
 g - a ring of protection from fire (right hand)
 o - the ring "Emyssoqe" (left hand) {MR+ Slay+3}
   (You took it off an orc on level 9 of the Dungeon)

   [ring of slaying]

   It affects your accuracy and damage with ranged weapons and melee attacks
   (+3).
   It affects your resistance to hostile enchantments.
 w - an amulet of magic regeneration (around neck)
Wands
 a - a wand of heal wounds (0/9)
 c - a wand of confusion (27/48)
 h - a wand of flame (8/48)
 p - a wand of confusion (25/48)
 t - a wand of disintegration (6/24)
Scrolls
 b - a scroll of amnesia
 e - 3 scrolls of identify
 f - 2 scrolls of enchant armour
 s - 2 scrolls of fear
 v - 2 scrolls of teleportation
 x - a scroll of remove curse
Books
 q - a book of Enchantments

   Spells                             Type                      Level
   a - Cause Fear                     Hexes                        4
   b - Yara's Violent Unravelling     Hexes/Transmutation          5
   c - Silence                        Hexes/Air                    5
   d - Deflect Missiles               Charms/Air                   6
   e - Discord                        Hexes                        8


   Skills:
 - Level 3.3 Fighting
 - Level 2.5 Staves
 - Level 1.5 Dodging
 - Level 1.5 Stealth
 + Level 10.1 Spellcasting
 - Level 10.7 Conjurations
 - Level 1.8 Hexes
 + Level 6.8 Charms


You had 11 spell levels left.
You knew the following spells:

 Your Spells              Type           Power        Failure   Level  Hunger
a - Magic Dart            Conj           ####         1%          1    N/A
b - Searing Ray           Conj           #####.       1%          2    N/A
c - Dazzling Spray        Conj/Hex       ####..       1%          3    N/A
d - Fulminant Prism       Conj/Hex       ####......   10%         4    N/A
e - Iskenderun's Battles  Conj/Chrm      #####...     10%         5    N/A
f - Iskenderun's Mystic   Conj           #####...     1%          4    N/A

Dungeon Overview and Level Annotations

Branches:
Dungeon (12/15)            Temple (1/1) D:4            Lair (0/6) D:10
    Orc (0/2) D:10

Altars:
Ashenzari
Cheibriados
Dithmenos
Elyvilon
Fedhas
Gozag
Hepliaklqana
Kikubaaqudgha
Makhleb
Nemelex Xobeh
Okawaru
Qazlal
Ru
Sif Muna
Trog
Uskayaw
Vehumet
Yredelemnul
Zin
The Shining One

Annotations:
D:5 1 runed door
D:7 Prince Ribbit


Innate Abilities, Weirdness & Mutations

You do not eat or drink.
Your flesh is vulnerable to fire.
You are immune to poison.
Your flesh is cold resistant. (rC+)
You are immune to negative energy. (rN+++)
You are immune to unholy pain and torment.
You can survive without breathing.


Message History

You closely miss something. Something hits you. x2
* * * LOW HITPOINT WARNING * * *
You miss something. Something barely misses you. Something hits you.
* * * LOW HITPOINT WARNING * * *
You can't drink.
Okay, then.
Something hits you.
* * * LOW HITPOINT WARNING * * *
Something hits you but does no damage. Something hits you.
* * * LOW HITPOINT WARNING * * *
Something hits you.
* * * LOW HITPOINT WARNING * * *
Something hits you but does no damage. Something hits you.
* * * LOW HITPOINT WARNING * * *
Something hits you but does no damage. Something hits you!
You die...
Your body crumbles into a pile of gold.

###########
..........# #########
..........####.......#
.....................#
.......<.......@....##
.............######.#
.............# #.#
.............# #.#
..#######...## ##.# Z
#...# #..# #...# #..#
#...# #..#
..######..###


There were no monsters in sight!

Vanquished Creatures
  Erica (D:8)
  5 hill giants
  An ugly thing (D:11)
  An elephant (D:10)
  Psyche (D:8)
  A gargoyle (D:10)
  A two-headed ogre (D:9)
  A queen bee (D:9)
  3 hippogriffs
  A wraith (D:10)
  5 yaks (D:9)
  3 orc warriors
  A sky beast (D:8)
  A black bear (D:6)
  5 ice beasts
  5 ogres
  6 centaurs
  2 crocodiles (D:10)
  7 big kobolds
  Blork the orc (D:5)
  6 bullfrogs
  3 scorpions
  A water moccasin skeleton (D:9)
  13 killer bees (D:9)
  3 wights (D:10)
  16 howler monkeys
  3 jellies
  5 crimson imps
  A bullfrog zombie (D:8)
  3 centaur zombies
  3 quasits
  3 bullfrog skeletons
  10 hounds
  3 centaur skeletons
  6 orc priests
  12 orc wizards
  An iguana (D:10)
  9 worker ants
  A hound zombie (D:9)
  12 gnolls
  8 adders
  4 shadow imps
  An ooze (D:4)
  2 adder skeletons
  2 worms (D:2)
  6 leopard geckos
  49 orcs
  7 bats
  6 giant cockroaches
  7 goblins
  10 hobgoblins
  21 jackals
  39 kobolds
  7 quokkas
  2 ball pythons (D:1)
  9 frilled lizards
  A giant cockroach zombie (D:5)
  A leopard gecko skeleton (D:4)
  3 leopard gecko zombies
  A quokka zombie (D:5)
  8 rats
  A plant (D:2)
361 creatures vanquished.

Vanquished Creatures (others)
  A leopard gecko (D:9)
  7 fulminant prisms
  A plant (D:2)
9 creatures vanquished.

Grand Total: 370 creatures vanquished

Notes
Turn   | Place    | Note
-------+----------+-------------------------------------------
     0 | D:1      | vatarom the Mummy Conjurer began the quest for the Orb.
     0 | D:1      | Reached XP level 1. HP: 13/13 MP: 3/3
   337 | D:1      | Reached XP level 2. HP: 16/19 MP: 3/5
   342 | D:1      | Learned a level 2 spell: Searing Ray
  1339 | D:2      | Reached XP level 3. HP: 24/24 MP: 1/6
  1551 | D:2      | Reached skill level 1 in Fighting
  1742 | D:2      | HP: 1/26 [giant cockroach (2)]
  2105 | D:2      | Learned a level 3 spell: Dazzling Spray
  2323 | D:2      | Reached XP level 4. HP: 33/33 MP: 3/7
  2743 | D:2      | Reached skill level 1 in Hexes
  3189 | D:2      | Found a bloodstained altar of Trog.
  4434 | D:3      | Found an iron altar of Okawaru.
  4456 | D:3      | Reached XP level 5. HP: 22/38 MP: 0/8
  5952 | D:4      | Reached skill level 5 in Conjurations
  6076 | D:4      | Reached XP level 6. HP: 44/44 MP: 2/9
  6951 | D:4      | Found a white marble altar of Elyvilon.
  7049 | D:4      | Found a staircase to the Ecumenical Temple.
  7059 | Temple   | Entered the Ecumenical Temple
  7293 | Temple   | Became a worshipper of Gozag Ym Sagoz the Greedy
  7353 | D:4      | Reached skill level 1 in Staves
  7514 | D:5      | Entered Level 5 of the Dungeon
  7958 | D:5      | Reached XP level 7. HP: 41/50 MP: 4/10
  8180 | D:5      | Got an iridescent trident
  8181 | D:5      | Identified the +5 trident of Prudence {vamp, rPois Stlth+} (You found it on level 5 of the Dungeon)
  8515 | D:5      | Found a runed door.
  8583 | D:5      | Noticed Blork the orc
  8590 | D:5      | Killed Blork the orc
  8675 | D:5      | Learned a level 4 spell: Fulminant Prism
 11140 | D:6      | Reached XP level 8. HP: 53/56 MP: 11/11
 11870 | D:7      | Noticed Prince Ribbit
 12281 | D:7      | Noticed a hippogriff
 12306 | D:7      | Killed a hippogriff
 12379 | D:7      | Noticed a hippogriff
 12412 | D:7      | Killed a hippogriff
 13095 | D:7      | Reached XP level 9. HP: 29/61 MP: 1/12
 13470 | D:8      | Found a blossoming altar of Fedhas.
 13598 | D:8      | Reached skill level 10 in Conjurations
 13997 | D:8      | Noticed Psyche
 14242 | D:8      | Killed Psyche
 14763 | D:8      | Noticed Erica
 14806 | D:8      | Found an ancient bone altar of Kikubaaqudgha.
 14943 | D:9      | Found a shadowy altar of Dithmenos.
 15320 | D:9      | Got a brightly glowing amber ring
 15746 | D:8      | Learned a level 5 spell: Iskenderun's Battlesphere
 16221 | D:9      | Reached skill level 5 in Spellcasting
 16619 | D:9      | Reached XP level 10. HP: 50/67 MP: 5/18
 16672 | D:9      | Noticed a hill giant
 17475 | D:9      | Learned a level 4 spell: Iskenderun's Mystic Blast
 17642 | D:9      | Found an iron altar of Okawaru.
 17645 | D:9      | Found a radiant altar of Vehumet.
 17669 | D:9      | Identified the ring of Quityase {*Tele Dex+4} (You took it off a gnoll on level 9 of the Dungeon)
 17802 | D:9      | Noticed a green ugly thing
 17912 | D:8      | Reached skill level 1 in Charms
 18172 | D:8      | Killed Erica
 18712 | D:9      | Killed a hill giant
 18927 | D:9      | Reached skill level 5 in Charms
 19025 | D:9      | Got a transparent glass ring
 19388 | D:9      | Found a deep blue altar of Sif Muna.
 19645 | D:10     | Entered Level 10 of the Dungeon
 19942 | D:10     | Noticed a gargoyle
 20229 | D:10     | Noticed a hill giant
 20237 | D:10     | Killed a hill giant
 20353 | D:10     | Killed a gargoyle
 20549 | D:10     | Reached XP level 11. HP: 72/72 MP: 11/23
 20731 | D:10     | Found a staircase to the Lair.
 20840 | D:10     | Found a staircase to the Orcish Mines.
 20870 | D:10     | Noticed a death yak
 22525 | D:10     | Identified the ring "Emyssoqe" {MR+ Slay+3} (You took it off an orc on level 9 of the Dungeon)
 23289 | D:11     | Identified a +0 rod of inaccuracy (12/12) (You found it on level 11 of the Dungeon)
 23981 | D:11     | Noticed a brown ugly thing
 23993 | D:11     | Killed a brown ugly thing
 24066 | D:11     | Noticed a hill giant
 24071 | D:11     | Killed a hill giant
 24286 | D:11     | Noticed a hill giant
 24287 | D:11     | Noticed a hill giant
 24296 | D:11     | Killed a hill giant
 24314 | D:11     | Killed a hill giant
 24314 | D:11     | Reached skill level 10 in Spellcasting
 24552 | D:11     | HP: 3/75 [hound (2)]
 24561 | D:12     | HP: 1/75 [hound (4)]
 25073 | D:12     | Slain by an unseen horror

Skill      XL: |  1  2  3  4  5  6  7  8  9 10 11 |
---------------+----------------------------------+-----
Conjurations   | 4 5 7 9 10 | 10.7
Fighting       | 2 3 |  3.3
Hexes          | 1 |  1.8
Staves         | 2 |  2.5
Spellcasting   | 5 8 10 | 10.1
Charms         | 5 6 |  6.8
Dodging        | |  1.5
Stealth        | |  1.5

Action                   |  1- 3 |  4- 6 |  7- 9 | 10-12 || total
-------------------------+-------+-------+-------+-------++-------
Melee: Unarmed           |    27 |       |       |       ||    27
       Hand axe          |    34 |    95 |       |       ||   129
       Dagger            |       |    30 |       |       ||    30
       Lajatang          |       |    20 |   233 |   215 ||   468
       Trident           |       |       |     5 |       ||     5
 Cast: Magic Dart        |    70 |   155 |   190 |   315 ||   730
       Searing Ray       |     4 |    16 |    22 |     9 ||    51
       Dazzling Spray    |       |     7 |    38 |    37 ||    82
       Fulminant Prism   |       |       |     4 |     3 ||     7
       Iskenderun's Batt |       |       |       |    56 ||    56
       Iskenderun's Myst |       |       |       |     7 ||     7
Invok: Potion Petition   |       |       |     3 |     6 ||     9
Evoke: Wand              |       |       |    12 |     2 ||    14
       Rod               |       |       |       |     4 ||     4
  Use: Scroll            |     3 |     7 |     9 |    10 ||    29
 Stab: Sleeping          |       |     3 |     4 |       ||     7
       Confused          |       |       |     1 |       ||     1
       Invisible         |       |       |     4 |     3 ||     7
       Distracted        |       |       |       |     1 ||     1
Armor: Robe              |    31 |    45 |   170 |   220 ||   466
Dodge: Dodged            |    61 |    88 |   332 |   285 ||   766
